[Event "Titled Tuesday Blitz October 11 Early 2022"]
[White "Kamsky, Gata"]
[Black "Leiva, Gianmarco"]
[WhiteFideId "2000024"]
[BlackFideId "3804399"]
[WhiteElo "2666"]
[BlackElo "2285"]
[Result "1/2-1/2"]
[Round "11"]
[TimeControl "180+1"]
[Date "2022.10.11"]
[WhiteClock "0:00:18"]
[BlackClock "0:00:08"]

1. e4 c5 2. Nc3 d6 3. f4 g6 4. Nf3 Bg7 5. Bc4 Nc6 6. d3 e6 7. O-O Nge7 8. f5 exf5 9. Qe1 h6 10. Qh4 Be6 11. Re1 g5 12. Qh5 Bxc4 13. dxc4 f4 14. Nd5 Ne5 15. Bd2 O-O 16. Nxe5 dxe5 17. Kh1 Nxd5 18. cxd5 Qd6 19. c4 f5 20. Bc3 Kh7 21. a4 Qg6 22. Qe2 Rae8 23. Rad1 g4 24. d6 Re6 25. d7 Rd8 26. Rd5 fxe4 27. Qxe4 Qxe4 28. Rxe4 b6 29. g3 f3 30. Rxg4 Re7 31. Kg1 Rdxd7 32. Rxd7 Rxd7 33. Kf2 Rd3 34. Re4 Bf6 35. Bxe5 Bxe5 36. Rxe5 Rd2+ 37. Kxf3 Rxb2 38. h4 Rb4 39. Re7+ Kg6 40. Rxa7 Rxc4 41. Ra6 Kf5 42. Rxb6 h5 43. Rh6 Rc3+ 44. Kg2 Kg4 45. Rg6+ Kf5 46. Rg5+ Ke4 47. Rxh5 c4 48. Rc5 Kd4 49. Rc8 Ra3 50. h5 Rxa4 51. h6 Ra7 52. g4 c3 53. g5 Ra5 54. h7 Rxg5+ 55. Kf3 Rh5 56. h8=Q+ Rxh8 57. Rxh8 c2 58. Rc8 Kd3 59. Kf2 Kd2 60. Rd8+ Kc3 61. Ke2 c1=Q 62. Rc8+ Kb2 63. Rxc1 Kxc1 1/2-1/2


[Site "https://www.chess.com"]

[Event "Titled Tuesday Blitz October 11 Early 2022"]
[White "Kodinets, Konstantin L."]
[Black "Hanley, Craig A"]
[WhiteFideId "4122011"]
[BlackFideId "408514"]
[WhiteElo "2447"]
[BlackElo "2439"]
[Result "0-1"]
[Round "11"]
[TimeControl "180+1"]
[Date "2022.10.12"]
[WhiteClock "0:00:07"]
[BlackClock "0:00:12"]

1. d4 Nf6 2. Nf3 g6 3. Bg5 Bg7 4. Nbd2 d5 5. e3 O-O 6. Bd3 h6 7. Bh4 c5 8. c3 g5 9. Bg3 Nc6 10. Ne5 Qb6 11. Rb1 Be6 12. h4 g4 13. h5 Nxe5 14. Bxe5 Nd7 15. Bxg7 Kxg7 16. b4 c4 17. Bc2 f5 18. Nf1 f4 19. exf4 Rxf4 20. g3 Rf7 21. Ne3 Raf8 22. O-O Rf3 23. Qd2 Nf6 24. Rbe1 Qd6 25. Ng2 Nxh5 26. Bd1 Bf5 27. Re5 Nf6 28. Bxf3 gxf3 29. Nh4 Bd3 30. Rfe1 Ne4 31. R1xe4 dxe4 32. Qe3 b6 33. d5 Qxe5 34. d6 exd6 35. a4 Qxc3 36. Kh2 Qf6 37. a5 bxa5 38. bxa5 a6 39. Qa7+ Rf7 40. Qxa6 Qe5 41. Qc8 e3 42. Qg4+ Qg5 43. Qd4+ Qe5 44. Qg4+ Kh7 45. Nxf3 Qb2 46. Ng5+ hxg5 47. Qh5+ Kg7 48. Qxg5+ Bg6 49. Qxe3 Qxf2+ 50. Qxf2 Rxf2+ 0-1


[Site "https://www.chess.com"]

[Event "Titled Tuesday Blitz October 11 Early 2022"]
[White "Korchmar, Vasiliy"]
[Black "Yuan, Qingyu"]
[WhiteFideId "24131750"]
[BlackFideId "8609772"]
[WhiteElo "2370"]
[BlackElo "2359"]
[Result "0-1"]
[Round "11"]
[TimeControl "180+1"]
[Date "2022.10.12"]
[WhiteClock "0:00:01"]
[BlackClock "0:00:02"]

1. e4 c6 2. d4 d5 3. e5 c5 4. dxc5 e6 5. Be3 Nd7 6. Bb5 Ne7 7. c3 Nc6 8. b4 Ndxe5 9. Nf3 Bd7 10. O-O Be7 11. Bd4 O-O 12. Nxe5 Nxe5 13. Bxd7 Nxd7 14. Nd2 b6 15. c6 e5 16. Be3 Nf6 17. b5 d4 18. cxd4 exd4 19. Bg5 Qd5 20. Bxf6 Bxf6 21. a4 d3 22. Rc1 a6 23. Nc4 Qd4 24. c7 axb5 25. axb5 Rfc8 26. Ne3 Ra7 27. Rc4 Qd7 28. Qf3 Raxc7 29. Rxc7 Rxc7 30. Nd5 Rc5 31. Nxb6 Qd8 32. Nd7 Qxd7 33. b6 Rb5 0-1


[Site "https://www.chess.com"]

[Event "Titled Tuesday Blitz October 11 Early 2022"]
[White "Kosteniuk, Alexandra"]
[Black "Lopez, Henry"]
[WhiteFideId "4128125"]
[BlackFideId "5203830"]
[WhiteElo "2469"]
[BlackElo "2177"]
[Result "1-0"]
[Round "11"]
[TimeControl "180+1"]
[Date "2022.10.12"]
[WhiteClock "0:00:36"]
[BlackClock "0:00:03"]

1. e4 e5 2. Nf3 Nc6 3. Bc4 Bc5 4. c3 Nf6 5. d4 exd4 6. b4 Bb6 7. e5 Ne4 8. b5 d5 9. Bd3 Ne7 10. cxd4 O-O 11. Nbd2 f5 12. exf6 Nxf6 13. O-O Nf5 14. Bb2 Nd6 15. Qc2 Bg4 16. Ne5 Bd7 17. a4 a5 18. Rae1 c6 19. bxc6 bxc6 20. Ba3 Qc7 21. Nb3 Rfe8 22. Kh1 Nde4 23. f3 Nd6 24. g4 Nf7 25. Nxf7 Kxf7 26. g5 Nh5 27. Bxh7 Nf4 28. g6+ Kf6 29. Qf2 Nxg6 30. Rg1 Bf5 31. Qg2 1-0


[Site "https://www.chess.com"]

[Event "Titled Tuesday Blitz October 11 Early 2022"]
[White "Kovalenko, Igor"]
[Black "Rustemov, Alexander"]
[WhiteFideId "14117908"]
[BlackFideId "4119002"]
[WhiteElo "2574"]
[BlackElo "2858"]
[Result "0-1"]
[Round "11"]
[TimeControl "180+1"]
[Date "2022.10.11"]
[WhiteClock "0:01:51"]
[BlackClock "0:00:08"]

1. c4 c5 2. g3 g6 3. Bg2 Bg7 4. Nf3 Nc6 5. O-O Nf6 6. Nc3 d5 7. cxd5 Nxd5 8. Nxd5 Qxd5 9. d3 O-O 10. Be3 Qd6 11. Rc1 Nd4 12. Nxd4 cxd4 13. Bf4 e5 14. Bd2 Be6 15. Qa4 Rfb8 16. Bh6 Bxh6 17. Rc2 Qd7 18. Qa5 Rc8 19. Rxc8+ Rxc8 20. Qxe5 b6 21. a3 Rc2 22. b4 Bg7 23. Qb8+ Bf8 24. Bf3 h5 25. h4 Kg7 26. Qe5+ f6 27. Qe4 Bf5 28. Qf4 Qc7 29. Qxd4 Rc1 30. Rxc1 Qxc1+ 31. Kg2 Qxa3 32. b5 Qc5 33. Qb2 Qb4 34. Qa2 Qxb5 35. Qxa7+ Bd7 36. Qb7 Be7 37. d4 Kf7 38. Bd5+ Kf8 39. Be4 Be8 40. e3 f5 41. Bf3 Qb4 42. Qb8 Qd6 43. Qb7 b5 44. Be2 b4 45. Kh2 Bc6 46. Qb6 Qd5 47. f3 Qa2 48. Qxc6 Qxe2+ 49. Kh3 Qxe3 50. Qxg6 b3 51. Qxf5+ Ke8 52. Qc8+ Bd8 53. Qc6+ Ke7 54. d5 Qb6 55. Qc1 b2 56. Qb1 Kd6 57. g4 hxg4+ 58. Kxg4 Qd4+ 59. f4 Kxd5 60. h5 Bc7 61. h6 Qxf4+ 62. Kh5 Qe5+ 63. Kg6 Qe4+ 64. Qxe4+ Kxe4 65. h7 Be5 0-1


[Site "https://www.chess.com"]

[Event "Titled Tuesday Blitz October 11 Early 2022"]
[White "Koziorowicz, Michal"]
[Black "Rosen, Eric"]
[WhiteFideId "21809194"]
[BlackFideId "2032562"]
[WhiteElo "2220"]
[BlackElo "2362"]
[Result "1-0"]
[Round "11"]
[TimeControl "180+1"]
[Date "2022.10.12"]
[WhiteClock "0:01:20"]
[BlackClock "0:00:02"]

1. d4 d5 2. c4 e6 3. Nc3 Nf6 4. cxd5 exd5 5. Bg5 c6 6. e3 Bd6 7. Bd3 h6 8. Bh4 O-O 9. Nge2 Re8 10. Qc2 a5 11. h3 Na6 12. a3 Nc7 13. O-O Ne6 14. Bg3 Ng5 15. Bxd6 Qxd6 16. Ng3 Rxe3 17. fxe3 Qxg3 18. Kh1 Qxe3 19. Rad1 Be6 20. Qf2 Qxf2 21. Rxf2 Nge4 22. Rc2 Nxc3 23. bxc3 b5 24. a4 b4 25. Rb1 bxc3 26. Rxc3 Bd7 27. Rcb3 Ra7 28. Rb7 Rxb7 29. Rxb7 Kf8 30. Ra7 Ke7 31. Rxa5 Kd6 32. Ra8 Ne8 33. a5 Kc7 34. a6 Bc8 35. a7 1-0


[Site "https://www.chess.com"]

[Event "Titled Tuesday Blitz October 11 Early 2022"]
[White "Krysa, Leandro"]
[Black "Csonka, Balazs"]
[WhiteFideId "116807"]
[BlackFideId "742910"]
[WhiteElo "2486"]
[BlackElo "2404"]
[Result "1/2-1/2"]
[Round "11"]
[TimeControl "180+1"]
[Date "2022.10.12"]
[WhiteClock "0:00:25"]
[BlackClock "0:00:13"]

1. b4 b6 2. Bb2 Bb7 3. Nf3 Nf6 4. e3 g6 5. Be2 Bg7 6. O-O O-O 7. c4 c5 8. bxc5 bxc5 9. Nc3 Nc6 10. Rb1 Rb8 11. Nd5 e6 12. Nxf6+ Bxf6 13. Bxf6 Qxf6 14. Qa4 Ba8 15. d3 Rb2 16. Rxb2 Qxb2 17. Re1 Rb8 18. a3 Rb3 19. Kf1 Rxa3 20. Qb5 Qxb5 21. cxb5 Nb4 22. Ne5 d6 23. Nc4 Rc3 24. Nxd6 Nxd3 25. Ra1 Bd5 26. e4 Bb3 27. Nc8 Nc1 28. Nxa7 Nxe2 29. Kxe2 Bc4+ 30. Kd2 Rb3 31. Rc1 Bxb5 32. Rxc5 Bf1 33. g3 1/2-1/2


[Site "https://www.chess.com"]

[Event "Titled Tuesday Blitz October 11 Early 2022"]
[White "Krzywda, Andrzej"]
[Black "Martic, Ivan"]
[WhiteFideId "1114565"]
[BlackFideId "929301"]
[WhiteElo "2149"]
[BlackElo "2355"]
[Result "0-1"]
[Round "11"]
[TimeControl "180+1"]
[Date "2022.10.12"]
[WhiteClock "0:00:05"]
[BlackClock "0:01:06"]

1. d4 Nf6 2. c4 c5 3. d5 b5 4. cxb5 a6 5. e3 Bb7 6. Nc3 e6 7. dxe6 fxe6 8. Nf3 d5 9. Be2 Bd6 10. O-O O-O 11. a4 Qe7 12. Qc2 e5 13. e4 d4 14. Bc4+ Kh8 15. Nd5 Nxd5 16. Bxd5 Bxd5 17. exd5 axb5 18. Ng5 g6 19. Ne4 Nd7 20. Bg5 Nf6 21. Nxf6 Rxf6 22. axb5 Raf8 23. b6 e4 24. Ra7 Qe5 25. Bxf6+ Rxf6 26. g3 e3 27. Raa1 Qxd5 28. fxe3 d3 29. Qg2 Qe5 30. b7 Qxe3+ 31. Kh1 d2 32. Ra8+ Kg7 33. b8=Q Bxb8 34. Rxb8 Rxf1+ 35. Qxf1 Qe1 36. Kg2 Qxf1+ 37. Kxf1 d1=Q+ 38. Kg2 Qe2+ 39. Kh3 Qe6+ 0-1


[Site "https://www.chess.com"]

[Event "Titled Tuesday Blitz October 11 Early 2022"]
[White "Lakshmi C"]
[Black "Matveeva, Olga"]
[WhiteFideId "25035347"]
[BlackFideId "24107018"]
[WhiteElo "1865"]
[BlackElo "2055"]
[Result "1-0"]
[Round "11"]
[TimeControl "180+1"]
[Date "2022.10.12"]
[WhiteClock "0:00:15"]
[BlackClock "0:00:49"]

1. e4 c6 2. Nc3 d5 3. Nf3 Bg4 4. h3 Bxf3 5. Qxf3 e6 6. d4 Nd7 7. exd5 cxd5 8. Bd3 Ngf6 9. O-O Bd6 10. Nb5 Bb8 11. Bf4 O-O 12. Bxb8 Qxb8 13. c4 dxc4 14. Bxc4 a6 15. Nc3 b5 16. Bd3 Nb6 17. Ne4 Nbd5 18. Nc5 Rd8 19. Rfd1 Qf4 20. Qxf4 Nxf4 21. Bf1 Kf8 22. a4 bxa4 23. Rxa4 Rab8 24. b4 N6d5 25. Nxa6 Rb6 26. Rc1 g5 27. b5 h5 28. Nc5 Kg7 29. Ra7 Kf6 30. Nd7+ Rxd7 31. Rxd7 h4 32. g3 hxg3 33. fxg3 Ng6 34. Rc6 Rb8 35. Rxd5 Ne7 36. Rdc5 Nxc6 37. bxc6 Ke7 38. c7 Rc8 39. Ba6 1-0


[Site "https://www.chess.com"]

[Event "Titled Tuesday Blitz October 11 Early 2022"]
[White "Laohawirapap, Prin"]
[Black "Harsh Suresh"]
[WhiteFideId "6205003"]
[BlackFideId "45018464"]
[WhiteElo "2113"]
[BlackElo "2180"]
[Result "1-0"]
[Round "11"]
[TimeControl "180+1"]
[Date "2022.10.11"]
[WhiteClock "0:00:17"]
[BlackClock "0:00:01"]

1. e4 g6 2. d4 Nf6 3. e5 Nh5 4. Nf3 d6 5. Bc4 Nc6 6. exd6 exd6 7. O-O Bg7 8. Re1+ Ne7 9. Bg5 Nf6 10. Qe2 h6 11. Bh4 Kf8 12. Nc3 Nf5 13. Bg3 Nxg3 14. hxg3 c6 15. Rad1 d5 16. Bb3 Be6 17. Ne5 Bf5 18. Na4 Nd7 19. c4 Bxe5 20. dxe5 dxc4 21. Qxc4 Qe7 22. e6 Bxe6 23. Qd4 Nf6 24. Nc5 Kg7 25. Nxe6+ fxe6 26. Rxe6 Qd8 27. Rd6 Qe7 28. Re6 Qd8 29. Qe5 Qf8 30. Rd7+ Kg8 31. Re8+ Nd5 32. Qxd5+ cxd5 33. Bxd5# 1-0


[Site "https://www.chess.com"]

[Event "Titled Tuesday Blitz October 11 Early 2022"]
[White "Lauridsen, Jesper Morch"]
[Black "Sovetbekova, Nurai"]
[WhiteFideId "1401890"]
[BlackFideId "13801910"]
[WhiteElo "2181"]
[BlackElo "1925"]
[Result "0-1"]
[Round "11"]
[TimeControl "180+1"]
[Date "2022.10.12"]
[WhiteClock "0:00:12"]
[BlackClock "0:00:04"]

1. b3 Nf6 2. Bb2 g6 3. h4 h5 4. e3 Bg7 5. Nh3 O-O 6. Ng5 d5 7. Be2 c5 8. d3 Nc6 9. Nd2 e5 10. c4 dxc4 11. Nxc4 Qe7 12. a3 Rd8 13. Qc2 Bf5 14. Ne4 Nxe4 15. dxe4 Be6 16. g3 Qd7 17. Rd1 Qe7 18. O-O Bh3 19. Rxd8+ Rxd8 20. Rd1 Bf6 21. Rxd8+ Qxd8 22. Qd1 Qe7 23. Qd6 Bxh4 24. Qxe7 Bxe7 25. Nxe5 Bf6 26. Nxc6 Bxb2 27. Nxa7 Bxa3 28. Nb5 Bb2 29. Nc7 Kf8 30. Nd5 Be6 31. f4 Ke8 32. Bb5+ Kf8 33. Kf2 Kg7 34. Nc7 Bxb3 35. e5 c4 36. e6 fxe6 37. Nxe6+ Kf6 38. Nc5 Ba2 39. e4 c3 40. e5+ Ke7 41. Na4 c2 42. Nxb2 c1=Q 43. Nd3 Qd2+ 44. Kf3 Bd5# 0-1


[Site "https://www.chess.com"]

[Event "Titled Tuesday Blitz October 11 Early 2022"]
[White "Lewtak, Damian"]
[Black "Kuznetsova, Olga"]
[WhiteFideId "1141724"]
[BlackFideId "4191323"]
[WhiteElo "2329"]
[BlackElo "2134"]
[Result "1-0"]
[Round "11"]
[TimeControl "180+1"]
[Date "2022.10.12"]
[WhiteClock "0:00:42"]
[BlackClock "0:00:58"]

1. e4 e5 2. Nf3 Nf6 3. Nxe5 d6 4. Nf3 Nxe4 5. c3 d5 6. d4 Bd6 7. Bd3 O-O 8. O-O Re8 9. Qc2 Nd7 10. Re1 Ndf6 11. Ne5 Bxe5 12. dxe5 Nd7 13. f3 Qh4 14. Bd2 Nxd2 15. Nxd2 Rxe5 16. g3 Qh6 17. Rxe5 Nxe5 18. Re1 f6 19. f4 Ng6 20. Re8+ Kf7 21. Rh8 Nf8 22. Bxh7 Bg4 23. Bg8+ 1-0


[Site "https://www.chess.com"]

[Event "Titled Tuesday Blitz October 11 Early 2022"]
[White "Liyanage, Ranindu Dilshan"]
[Black "Tologon tegin, Semetei"]
[WhiteFideId "9915834"]
[BlackFideId "13800574"]
[WhiteElo "2210"]
[BlackElo "2282"]
[Result "1-0"]
[Round "11"]
[TimeControl "180+1"]
[Date "2022.10.11"]
[WhiteClock "0:00:07"]
[BlackClock "0:00:12"]

1. d4 Nf6 2. c4 e6 3. Nf3 Bb4+ 4. Bd2 Qe7 5. e3 O-O 6. Bd3 b6 7. O-O Bb7 8. Nc3 Bxc3 9. Bxc3 Ne4 10. Be1 f5 11. Nd2 Nxd2 12. Qxd2 d6 13. f3 Nd7 14. Bf2 e5 15. Rae1 a5 16. Qc2 e4 17. fxe4 Bxe4 18. Bg3 Rae8 19. Bf4 h6 20. a3 Nf6 21. b4 axb4 22. axb4 Bxd3 23. Qxd3 Ne4 24. h3 Ra8 25. Bh2 g6 26. Bf4 Kh7 27. Rc1 Ra2 28. Rc2 Rfa8 29. Rfc1 Qh4 30. c5 Rxc2 31. Qxc2 bxc5 32. bxc5 dxc5 33. dxc5 c6 34. Rd1 Rd8 35. Qb3 Rxd1+ 36. Qxd1 Qe7 37. Qd4 g5 38. Bd6 Qe6 39. Bf8 Nf6 40. Bd6 Kg6 41. Kh2 Qd5 42. Qb4 Ne4 43. Qb8 Kh5 44. Qe8+ Kh4 45. g3+ Nxg3 46. Bxg3# 1-0


[Site "https://www.chess.com"]

[Event "Titled Tuesday Blitz October 11 Early 2022"]
[White "Luxama, Jacques Muller"]
[Black "Parpiev, Isaak"]
[WhiteFideId "11900113"]
[BlackFideId "34281576"]
[WhiteElo "1931"]
[BlackElo "2100"]
[Result "1-0"]
[Round "11"]
[TimeControl "180+1"]
[Date "2022.10.12"]
[WhiteClock "0:00:01"]
[BlackClock "0:00:02"]

1. d4 Nf6 2. c4 g6 3. Nc3 Bg7 4. g3 O-O 5. Bg2 c5 6. d5 d6 7. e4 e6 8. Nge2 exd5 9. cxd5 Nbd7 10. O-O b6 11. a4 Ba6 12. Re1 Qc8 13. f4 c4 14. Nd4 Nc5 15. Nc6 Re8 16. e5 dxe5 17. fxe5 Ng4 18. e6 f5 19. h3 Nf6 20. d6 Rxe6 21. Ne7+ Rxe7 22. dxe7 Bb7 23. Bxb7 Qxb7 24. Qd8+ Kf7 25. Bf4 Nd3 26. Nb5 Ne8 27. Nd6+ Nxd6 28. Bxd6 Bd4+ 29. Kh2 Qc6 30. e8=Q+ Qxe8 31. Rxe8 Rxd8 32. Rxd8 Bxb2 33. Rd1 Nf2 34. Rd2 1-0


[Site "https://www.chess.com"]

[Event "Titled Tuesday Blitz October 11 Early 2022"]
[White "Makhnev, Denis"]
[Black "Lazavik, Denis"]
[WhiteFideId "13707647"]
[BlackFideId "13515110"]
[WhiteElo "2486"]
[BlackElo "2437"]
[Result "0-1"]
[Round "11"]
[TimeControl "180+1"]
[Date "2022.10.11"]
[WhiteClock "0:00:07"]
[BlackClock "0:00:08"]

1. d4 f5 2. g3 Nf6 3. Bg2 g6 4. Nh3 Nc6 5. O-O Bg7 6. Nf4 O-O 7. d5 Ne5 8. Nc3 c6 9. Be3 Nf7 10. Bc5 d6 11. dxc6 bxc6 12. Bxc6 Rb8 13. Ba3 Ne5 14. Bg2 Kh8 15. b3 g5 16. Nd3 Ng6 17. Bb2 f4 18. Ne4 e5 19. Nxg5 Ng4 20. Nh3 fxg3 21. hxg3 h5 22. Qd2 Bf5 23. e3 h4 24. f3 Nh6 25. g4 Bd7 26. e4 Nf7 27. Rad1 Kh7 28. Kh1 Bh6 29. Qe1 Qe7 30. Nb4 Be6 31. Nc6 Qc7 32. Nxb8 Rxb8 33. Bc1 Bxc1 34. Rxc1 Kg7 35. Qd2 Qe7 36. c4 Rh8 37. f4 exf4 38. Nxf4 Nxf4 39. Qxf4 h3 40. Bf3 Ne5 41. Rcd1 Rf8 42. Qg3 Qg5 43. Rxd6 Rxf3 44. Rxf3 Qc1+ 45. Kh2 Nxg4+ 46. Qxg4+ Bxg4 47. Rg3 Qc2+ 48. Kh1 Qxe4+ 49. Kh2 Qf4 50. Rd2 Qxd2+ 0-1


[Site "https://www.chess.com"]

[Event "Titled Tuesday Blitz October 11 Early 2022"]
[White "Manukian, Artak"]
[Black "Sonnenschein, Philipp"]
[WhiteFideId "13301373"]
[BlackFideId "16250877"]
[WhiteElo "2514"]
[BlackElo "2225"]
[Result "1-0"]
[Round "11"]
[TimeControl "180+1"]
[Date "2022.10.12"]
[WhiteClock "0:00:12"]
[BlackClock "0:00:08"]

1. e4 c6 2. d4 d5 3. e5 c5 4. dxc5 e6 5. a3 Bxc5 6. c4 Ne7 7. b4 Bb6 8. c5 Bc7 9. Bb2 Ng6 10. Nf3 Nc6 11. Qe2 O-O 12. h4 f6 13. exf6 gxf6 14. h5 Nge5 15. Nbd2 d4 16. Nxe5 Bxe5 17. Nc4 Bc7 18. Qe4 f5 19. Qh4 Qxh4 20. Rxh4 e5 21. Nd6 Bxd6 22. cxd6 Be6 23. b5 Na5 24. f4 Nb3 25. Rd1 e4 26. Bxd4 Nxd4 27. Rxd4 Rfc8 28. Kd2 Rc5 29. Rh3 Rac8 30. Rg3+ Kf8 31. Be2 Rc1 32. d7 R8c2+ 33. Ke3 Bxd7 34. Rxd7 Re1 35. Rd2 Rc3+ 36. Kf2 Rxg3 37. Kxg3 e3 38. Rc2 Ra1 39. Rc7 Rxa3 40. Rxb7 Ra2 41. Kf3 a5 42. Rxh7 a4 43. b6 Rb2 44. Ra7 Rxb6 45. Rxa4 Rh6 46. Kxe3 Ke7 47. Ra5 Re6+ 48. Re5 Rxe5+ 49. fxe5 Kf7 50. Kf4 Ke6 51. Bd3 Kf7 52. Bxf5 Kg7 53. g4 Kh8 54. g5 Kg7 55. h6+ Kh8 56. e6 Kg8 57. e7 Kh8 58. e8=Q# 1-0


[Site "https://www.chess.com"]

[Event "Titled Tuesday Blitz October 11 Early 2022"]
[White "Migot, Tangi"]
[Black "Subelj, Jan"]
[WhiteFideId "662445"]
[BlackFideId "14618583"]
[WhiteElo "2507"]
[BlackElo "2394"]
[Result "0-1"]
[Round "11"]
[TimeControl "180+1"]
[Date "2022.10.12"]
[WhiteClock "0:00:05"]
[BlackClock "0:01:05"]

1. e4 c6 2. Nc3 d5 3. d4 e6 4. Nf3 Bb4 5. e5 c5 6. a3 Bxc3+ 7. bxc3 Qa5 8. Be2 c4 9. O-O Qa4 10. Rb1 Nc6 11. Ng5 h6 12. Nh3 Nge7 13. Nf4 b6 14. Nh5 Rg8 15. f4 Bd7 16. g4 O-O-O 17. Bf3 Rdf8 18. Bg2 f5 19. exf6 gxf6 20. Ng3 f5 21. g5 hxg5 22. fxg5 Ng6 23. Nxf5 Rxf5 24. Rxf5 exf5 25. Bxd5 Rh8 26. Bf7 Nce7 27. Qe2 Qc6 28. Rb4 b5 29. a4 a6 30. axb5 axb5 31. Rb1 Nh4 32. Bf4 Neg6 33. Bg3 f4 34. d5 Qd6 35. Bf2 f3 36. Qe3 Nf5 37. Qc5+ Qxc5 38. Bxc5 Ne5 39. g6 Nxg6 40. Bxg6 Rg8 41. Kf2 Rxg6 42. Kxf3 Nh4+ 43. Kf4 Rg2 44. Ra1 Rg4+ 45. Ke5 Nf3+ 46. Kd6 Rg6+ 47. Ke7 Ne5 48. Ra8+ Kb7 49. Ra7+ Kb8 0-1


[Site "https://www.chess.com"]

[Event "Titled Tuesday Blitz October 11 Early 2022"]
[White "Mindlin, Alon"]
[Black "Haitin, Ilja"]
[WhiteFideId "2800071"]
[BlackFideId "4501764"]
[WhiteElo "2417"]
[BlackElo "2221"]
[Result "0-1"]
[Round "11"]
[TimeControl "180+1"]
[Date "2022.10.12"]
[WhiteClock "0:02:03"]
[BlackClock "0:02:10"]

1. e4 d6 2. d4 Nf6 3. Nc3 e5 4. Nf3 Nbd7 5. g4 g6 6. g5 Nh5 7. Bc4 Bg7 8. Be3 O-O 9. Qd2 c6 10. O-O-O b5 11. Be2 b4 12. Na4 Qa5 13. b3 Nb6 14. Nxb6 axb6 15. a4 b5 16. dxe5 bxa4 17. Qxd6 axb3 18. cxb3 Qa1+ 0-1


[Site "https://www.chess.com"]

[Event "Titled Tuesday Blitz October 11 Early 2022"]
[White "Mohammadian, Mohammad"]
[Black "Wartiovaara, Oliver"]
[WhiteFideId "12566055"]
[BlackFideId "513024"]
[WhiteElo "1489"]
[BlackElo "2197"]
[Result "0-1"]
[Round "11"]
[TimeControl "180+1"]
[Date "2022.10.12"]
[WhiteClock "0:01:08"]
[BlackClock "0:01:48"]

1. e4 a5 2. d4 h6 3. Bd3 e6 4. Nf3 d5 5. e5 b6 6. Be3 Ba6 7. O-O Ne7 8. Nc3 Nd7 9. Bxa6 Rxa6 10. a4 Nf5 11. Qd3 Ra8 12. Nxd5 Nxd4 13. Nxc7+ Qxc7 14. Bxd4 Be7 15. Rad1 O-O 16. c3 Rfd8 17. Qe3 Qc6 18. Rd3 Nc5 19. Bxc5 Bxc5 20. Rxd8+ Rxd8 21. Qe2 Qxa4 22. h3 Qb3 23. g3 a4 24. Rc1 Qd5 25. Re1 Qd3 26. Qxd3 Rxd3 27. Kf1 Rxf3 28. Kg2 Rxf2+ 29. Kh1 Rxb2 30. Rd1 a3 31. Rd8+ Kh7 32. Ra8 a2 0-1


[Site "https://www.chess.com"]

[Event "Titled Tuesday Blitz October 11 Early 2022"]
[White "Namitbir Singh Walia"]
[Black "Orlov, Georgi"]
[WhiteFideId "35071068"]
[BlackFideId "2011271"]
[WhiteElo "2239"]
[BlackElo "2568"]
[Result "1-0"]
[Round "11"]
[TimeControl "180+1"]
[Date "2022.10.12"]
[WhiteClock "0:00:09"]
[BlackClock "0:00:09"]

1. d4 Nf6 2. c4 Nc6 3. d5 Ne5 4. b3 e6 5. dxe6 fxe6 6. Bb2 Bb4+ 7. Bc3 Qe7 8. Nf3 Neg4 9. Qd2 a5 10. Qc2 d5 11. h3 Nh6 12. e3 Ne4 13. a3 Bxc3+ 14. Nxc3 Nxc3 15. Qxc3 Nf5 16. Bd3 O-O 17. O-O c6 18. c5 Nh4 19. Nxh4 Qxh4 20. Qe5 Qf6 21. f4 Qxe5 22. fxe5 Bd7 23. g4 g5 24. Kg2 Kg7 25. Kg3 h6 26. h4 gxh4+ 27. Kxh4 Rab8 28. g5 Rxf1 29. Rxf1 Rh8 30. g6 Rf8 31. Rxf8 Kxf8 32. Kh5 Kg7 33. Bc2 Bc8 34. Bd3 Bd7 35. Bc2 Bc8 36. Bb1 Bd7 37. e4 Be8 38. exd5 cxd5 39. Bd3 Bd7 40. b4 axb4 41. axb4 Ba4 42. b5 Bd1+ 43. Kh4 Ba4 44. c6 Bxb5 45. cxb7 Bxd3 46. b8=Q Bxg6 47. Qc7+ Bf7 48. Qe7 Kg6 49. Qf6+ 1-0


[Site "https://www.chess.com"]

[Event "Titled Tuesday Blitz October 11 Early 2022"]
[White "Ovezdurdyyeva, Jemal"]
[Black "Kuchava, Ana"]
[WhiteFideId "14001888"]
[BlackFideId "13605348"]
[WhiteElo "1961"]
[BlackElo "2001"]
[Result "0-1"]
[Round "11"]
[TimeControl "180+1"]
[Date "2022.10.12"]
[WhiteClock "0:00:33"]
[BlackClock "0:01:32"]

1. e4 c5 2. Nf3 d6 3. d4 cxd4 4. Nxd4 Nf6 5. Nc3 Nc6 6. Be3 Ng4 7. Nxc6 bxc6 8. Bg5 Qb6 9. Qd2 Qxb2 10. Rb1 Qa3 11. Be2 h6 12. Bh4 g5 13. Bg3 Bg7 14. Rb3 Qa5 15. O-O O-O 16. h4 Be6 17. Bxg4 Bxb3 18. axb3 Qxc3 19. Qe2 Be5 20. hxg5 hxg5 21. f4 Qxg3 22. fxe5 Qxe5 23. Rf5 Qd4+ 24. Kh2 f6 25. Rf3 Kg7 26. g3 Rh8+ 27. Kg2 Qa1 28. Bh3 g4 0-1


[Site "https://www.chess.com"]

[Event "Titled Tuesday Blitz October 11 Early 2022"]
[White "Pakleza, Zbigniew"]
[Black "Arabidze, Meri"]
[WhiteFideId "1119290"]
[BlackFideId "13604040"]
[WhiteElo "2411"]
[BlackElo "2403"]
[Result "1-0"]
[Round "11"]
[TimeControl "180+1"]
[Date "2022.10.11"]
[WhiteClock "0:00:10"]
[BlackClock "0:00:03"]

1. d4 d5 2. Bf4 Nf6 3. e3 e6 4. Nd2 Bd6 5. Bg3 c5 6. c3 Nc6 7. Ngf3 O-O 8. Bd3 b6 9. Ne5 Bb7 10. f4 Ne7 11. Qb1 g6 12. Bf2 Bc7 13. O-O Nf5 14. a4 Qc8 15. b4 cxd4 16. cxd4 Bxe5 17. dxe5 Ng4 18. Bxf5 exf5 19. Nf3 d4 20. Nxd4 Be4 21. Qb2 Qb7 22. h3 Bxg2 23. hxg4 Bxf1 24. Rxf1 fxg4 25. Bh4 Qe4 26. Re1 Rac8 27. Qg2 Qxg2+ 28. Kxg2 Rc4 29. Kg3 h5 30. Be7 Rfc8 31. Bd6 Rc1 32. Re2 Rg1+ 33. Kh4 Rh1+ 34. Kg5 g3 35. f5 h4 36. e6 fxe6 37. fxe6 Rd8 38. e7 Re8 39. Kxg6 h3 40. Bxg3 Rg1 41. Nf5 Rg2 42. Re1 h2 43. Rh1 Rc8 44. Rxh2 Rc6+ 45. Kg5 Re6 46. Rxg2 1-0


[Site "https://www.chess.com"]

[Event "Titled Tuesday Blitz October 11 Early 2022"]
[White "Petesch, Gabriel"]
[Black "Grot, Blazej"]
[WhiteFideId "2032465"]
[BlackFideId "21835845"]
[WhiteElo "2374"]
[BlackElo "1739"]
[Result "1-0"]
[Round "11"]
[TimeControl "180+1"]
[Date "2022.10.12"]
[WhiteClock "0:00:05"]
[BlackClock "0:00:13"]

1. e3 e5 2. d4 exd4 3. Nf3 dxe3 4. Bxe3 d6 5. Bc4 Nf6 6. O-O Be7 7. Nc3 O-O 8. Re1 c6 9. Bg5 d5 10. Bd3 h6 11. Bh4 Be6 12. Nd4 Bg4 13. Bxf6 Bxd1 14. Bxe7 Qb6 15. Bxf8 Qxd4 16. Re8 Nd7 17. Rxa8 Nxf8 18. Rxd1 Qe5 19. Rxa7 b5 20. a3 h5 21. Ra6 Qc7 22. Ne2 Qb7 23. Ra5 Ne6 24. b3 Nc7 25. Nd4 g6 26. b4 Kg7 27. Re1 Qb6 28. Nb3 Ne6 29. g3 Ng5 30. Kg2 h4 31. gxh4 Ne6 32. Nc5 Nxc5 33. h5 gxh5 34. Re3 Ne6 35. Ra8 Qc7 36. Rg3+ Kf6 37. Rh8 Qe5 38. Rh6+ Ke7 39. Kf1 Qa1+ 40. Kg2 Qe5 41. Kf1 Qa1+ 42. Kg2 Qd4 43. Rh7 h4 44. Re3 Qg4+ 45. Kf1 h3 46. Rhxh3 Qd1+ 47. Kg2 Qg4+ 48. Rhg3 Qh5 49. Rgf3 Qg6+ 50. Bxg6 fxg6 51. Rg3 g5 52. Rxg5 Kf6 53. Rg6+ 1-0


[Site "https://www.chess.com"]